 Dungeon Crawl Stone Soup version 0.22-a0-422-g9628fc8 (webtiles) character file.

281044 Goblin1989 the Brawler (level 19, -24/239 HPs)
             Began as a Troll Hunter on May 17, 2018.
             Was a High Priest of Okawaru.
             Annihilated by a vault warden
             ... wielding a +0 bardiche
              (48 damage)
             ... on level 2 of the Vaults on May 18, 2018.
             The game lasted 03:34:39 (41938 turns).

Goblin1989 the Brawler (Troll Hunter)              Turns: 41938, Time: 03:34:40

Health: -24/239    AC: 25    Str: 31    XL:     19   Next: 70%
Magic:  0/28       EV: 24    Int: 12    God:    Okawaru [*****.]
Gold:   2041       SH: 14    Dex: 13    Spells: 17/31 levels left

rFire    . . .     SeeInvis +     - Unarmed
rCold    + . .     Gourm    +   a - +0 shield {reflect}
rNeg     + . .     Faith    .   (armour currently unavailable)
rPois    ∞         Spirit   +   w - +0 mask of the Dragon {MR+ Slay+3 SInv}
rElec    +         Reflect  +   i - +0 cloak {rPois} {god gift}
rCorr    .         Harm     .   (gloves unavailable)
MR       ++...                  (boots unavailable)
Stlth    ++++......             L - amulet "Ziam" {Spirit *Drain rElec Str+2 Int+3}
HPRegen  0.89/turn              b - ring of wizardry
MPRegen  0.21/turn              c - ring of protection from cold

@: agile, statue-form, heroism, very slow
A: large, unfitting armour, claws 3, clumsy 1, fast metabolism 3, gourmand,
regeneration 1
}: 2/15 runes: decaying, gossamer
a: End Transformation, Heroism, Finesse, Renounce Religion


You were on level 2 of the Vaults.
You worshipped Okawaru.
Okawaru was extremely pleased with you.
You were not hungry.
You were a stone statue.
You visited 7 branches of the dungeon, and saw 34 of its levels.
You visited the Abyss 1 time.
You also visited: Labyrinth and Ice Cave.

You collected 4158 gold pieces.
You spent 2117 gold pieces at shops.

Inventory:

Hand Weapons
 q - the +1 hand crossbow of Isaiskat {speed, +Fly MR+}
   (You found it on level 3 of the Lair of Beasts)

   Attacks with this weapon are significantly faster.
   It affects your resistance to hostile enchantments.
   It lets you fly.
Missiles
 k - a tomahawk of dispersal
 z - 43 large rocks (quivered) {god gift, !d, @Q4}
 N - 2 javelins of penetration {@Q2}
 Y - 257 arrows
 Z - 6 throwing nets {!d , @Q1}
Armour
 a - a +0 shield of reflection (worn)
 i - a +0 cloak of poison resistance (worn) {god gift}
 w - the +0 mask of the Dragon (worn) {MR+ Slay+3 SInv}
   (You bought it in a shop on level 2 of the Orcish Mines)

   It affects your accuracy and damage with ranged weapons and melee attacks
   (+3).
   It affects your resistance to hostile enchantments.
   It lets you see invisible.
 x - the +1 robe of Articulation (melded) {rN++ Stlth+}
   (You found it on level 10 of the Dungeon)

   It greatly protects you from negative energy.
   It makes you more stealthy.
 y - a scarf of cloud immunity
 J - a +1 robe of the Archmagi {god gift}
Jewellery
 b - a ring of wizardry (left claw)
 c - a ring of protection from cold (right claw)
 f - an uncursed ring of protection from fire
 n - an uncursed ring of positive energy
 L - the amulet "Ziam" (around neck) {Spirit *Drain rElec Str+2 Int+3}
   (You found it on level 10 of the Dungeon)

   [amulet of guardian spirit]

   It causes incoming damage to be split between your health and magic.
   It affects your strength (+2).
   It affects your intelligence (+3).
   It insulates you from electricity.
   It causes draining when unequipped.
Wands
 l - a wand of digging (38) {@v1}
 A - a wand of acid (21) {@v2}
 D - a wand of flame (69) {@v6}
 G - a wand of clouds (3) {@v3}
 I - a wand of iceblast (15) {@v4}
Scrolls
 g - 4 scrolls of enchant weapon
 m - a scroll of torment {unknown}
 p - a scroll of summoning
 u - 3 scrolls of holy word
 B - a scroll of blinking
 C - 4 scrolls of immolation
 E - 15 scrolls of remove curse {@r3}
 M - 2 scrolls of magic mapping
 P - a scroll of fog
 R - 16 scrolls of identify {@r1}
 S - 4 scrolls of enchant armour
 T - 4 scrolls of teleportation {!r, @r2}
 U - a scroll of fear
Potions
 h - 3 potions of haste {@q3,}
 r - a potion of magic
 t - a potion of resistance {@q6}
 v - 11 potions of curing {@q1}
 F - 4 potions of mutation {!q}
 H - a potion of cancellation
 K - 2 potions of berserk rage
 O - 2 potions of might {@q4}
 Q - 3 potions of ambrosia
 V - 6 potions of agility {@q5}
 W - 4 potions of lignification
 X - 12 potions of flight
Miscellaneous
 d - a box of beasts
 j - a fan of gales
 o - a phantom mirror
Comestibles
 e - 38 rations


   Skills:
 + Level 10.7(15.7) Fighting
 + Level 6.6(11.6) Throwing
 + Level 10.8(15.8) Dodging
 - Level 0.3(5.3) Stealth
 - Level 9.0(14.0) Shields
 * Level 17.5(22.5) Unarmed Combat
 + Level 6.7 Spellcasting
 + Level 3.2 Translocations
 * Level 11.3 Transmutations
 * Level 13.3 Earth Magic
 - Level 6.0 Invocations


You had 17 spell levels left.
You knew the following spells:

 Your Spells              Type           Power        Failure   Level  Hunger
a - Sticks to Snakes      Tmut           ####....     1%          2    #......
o - Apportation           Tloc           ##....       1%          1    None
y - Song of Slaying       Chrm           #.......     11%         2    #......
R - Regeneration          Chrm/Necr      #.........   21%         3    ###....
Y - Statue Form           Tmut/Erth      ####.....    6%          6    #######

Your spell library contained the following spells:

 Spells                   Type           Power        Failure   Level  Hunger
 Cause Fear               Hex            #.........   52%         4    ####...
 Fireball                 Conj/Fire      #.........   86%         5    ######.
 Bolt of Fire             Conj/Fire      #.........   100%        6    #######
 Bolt of Cold             Conj/Ice       #.........   100%        6    #######
 Confuse                  Hex            #.......     21%         3    ###....
 Invisibility             Hex            #.......     100%        6    #######
 Controlled Blink         Tloc           N/A          100%        8    #######
 Ring of Flames           Chrm/Fire      #.........   100%        7    #######
 Summon Small Mammal      Summ           #...         7%          1    None
 Bolt of Draining         Conj/Necr      #.........   86%         5    ######.
 Animate Dead             Necr           N/A          52%         4    ####...
 Animate Skeleton         Necr           N/A          7%          1    None
 Vampiric Draining        Necr           #.........   21%         3    ###....
 Freeze                   Ice            #...         7%          1    None
 Summon Ice Beast         Ice/Summ       #.......     52%         4    ####...
 Call Imp                 Summ           #.......     11%         2    #......
 Tukima's Dance           Hex            #.......     21%         3    ###....
 Stone Arrow              Conj/Erth      ###...       1%          3    ###....
 Swiftness                Chrm/Air       #.......     11%         2    #......
 Recall                   Summ/Tloc      N/A          11%         3    ###....
 Ice Form                 Ice/Tmut       ###.....     6%          4    ####...
 Death Channel            Necr           #.........   100%        6    #######
 Deflect Missiles         Chrm/Air       #.........   100%        6    #######
 Throw Icicle             Conj/Ice       #.......     52%         4    ####...
 Confusing Touch          Hex            #.....       7%          1    None
 Passwall                 Tmut/Erth      ####......   1%          2    #......
 Ignite Poison            Fire/Tmut/Pois ##......     4%          3    ###....
 Call Canine Familiar     Summ           #.......     21%         3    ###....
 Ensorcelled Hibernation  Hex/Ice        #.....       11%         2    #......
 Metabolic Englaciation   Hex/Ice        #.........   86%         5    ######.
 Summon Butterflies       Summ           #.......     7%          1    None
 Silence                  Hex/Air        #.........   86%         5    ######.
 Shatter                  Erth           #####.....   100%        9    #######
 Dispersal                Tloc           ##........   92%         6    #######
 Corona                   Hex            #......      7%          1    None
 Alistair's Intoxication  Tmut/Pois      ###.....     17%         5    ######.
 Lee's Rapid Deconstruct  Erth           #####.....   1%          5    ######.
 Simulacrum               Ice/Necr       #.........   100%        6    #######
 Conjure Ball Lightning   Conj/Air       #.........   100%        6    #######
 Portal Projectile        Hex/Tloc       #.....       11%         3    ###....
 Petrify                  Tmut/Erth      ####....     1%          4    ####...
 Passage of Golubria      Tloc           N/A          17%         4    ####...
 Tornado                  Air            #.........   100%        9    #######
 Summon Hydra             Summ           #.........   100%        7    #######
 Darkness                 Hex            #.........   100%        6    #######
 Shroud of Golubria       Chrm/Tloc      #.........   5%          2    #......
 Disjunction              Tloc           ##........   100%        8    #######
 Dazzling Spray           Conj/Hex       #.....       21%         3    ###....
 Force Lance              Conj/Tloc      #.......     32%         4    ####...
 Infusion                 Chrm           #...         7%          1    None
 Spectral Weapon          Hex/Chrm       #.......     21%         3    ###....
 Discord                  Hex            #.........   100%        8    #######
 Summon Lightning Spire   Summ/Air       #.......     52%         4    ####...
 Summon Guardian Golem    Hex/Summ       #.......     21%         3    ###....
 Summon Mana Viper        Hex/Summ       #.......     86%         5    ######.
 Irradiate                Conj/Tmut      ###.......   17%         5    ######.
 Gell's Gravitas          Tloc           ##........   5%          3    ###....
 Yara's Violent Unravell  Hex/Tmut       ###.......   17%         5    ######.
 Ignition                 Fire           #.........   100%        8    #######
 Borgnjor's Vile Clutch   Necr/Erth      ###.......   12%         5    ######.


Dungeon Overview and Level Annotations

Branches:
Dungeon (15/15)            Temple (1/1) D:4            Lair (6/6) D:10
  Swamp (4/4) Lair:3       Spider (4/4) Lair:2        Slime (0/5) Lair:6
    Orc (2/2) D:10            Elf (0/3) Orc:2        Vaults (2/5) D:13
  Crypt (0/3) Vaults:2     Depths (0/5) D:15

Altars:
Ashenzari
Cheibriados
Dithmenos
Elyvilon
Fedhas
Gozag
Hepliaklqana
Kikubaaqudgha
Makhleb
Nemelex Xobeh
Okawaru
Qazlal
Ru
Sif Muna
Trog
Uskayaw
Vehumet
Wu Jian
Xom
Yredelemnul
Zin
The Shining One

Shops:
D:8 [*   D:12 =!([   Orc:1 **   Orc:2 [:*?

Portals:
Pandemonium: Orc:2

Annotations:
Lair:6 exclusion: 3 oklob plants


Innate Abilities, Weirdness & Mutations

You are too large for most types of armour.
You have claws for hands.
Your metabolism is lightning-fast.
You like to eat raw meat.
Your natural rate of healing is unusually fast.
((You are covered in fur. (AC +1)))
((You have very tough skin. (AC +2)))
You are clumsy. (Dex -2)


Message History

Unknown command.
Casting: Statue Form (slightly dangerous; 6% risk of failure)
Confirm with . or Enter, or press ? or * to list all spells.
You don't have enough magic to cast that spell.
Unknown command.
The vault warden hits you from afar with a bardiche.
* * * LOW HITPOINT WARNING * * *
The yaktaur is recalled. x2; The boggart is recalled.
You block the yaktaur's attack.
The vault warden hits you with a bardiche!
* * * LOW HITPOINT WARNING * * *
A boggart opens the door.
The yaktaur hits you.
* * * LOW HITPOINT WARNING * * *
The ironbrand convoker casts a spell at the yaktaur.
The yaktaur seems to grow stronger. 2 yaktaurs come into view.
You take 15 damage, and have 32/239 hp.
You now have 2/28 mp.
You completely miss the vault warden.
The vault warden hits you with a bardiche!
* * * LOW HITPOINT WARNING * * *
The yaktaur hits you but does no damage.
You take 8 damage, and have 24/239 hp.
You now have 1/28 mp.
Unknown command.
You feel much better. You block the yaktaur's attack.
You block the vault warden's attack.
You regained 23 hp, and now have 47/239 hp.
Okay, then.
Really read
T - 5 scrolls of teleportation {!r, @r2}?
As you read the scroll of teleportation {!r, @r2}, it crumbles to dust.
You feel strangely unstable.
The runic seal fades away.
You block the yaktaur's attack.
The vault warden activates a sealing rune.
The yaktaur hits you.
* * * LOW HITPOINT WARNING * * *
You take 2 damage, and have 45/239 hp.
You eviscerate the yaktaur!!!!
You kill the yaktaur!
Okawaru accepts your kill.
You hear a shout!
The vault warden hits you with a bardiche.
* * * LOW HITPOINT WARNING * * *
You now have 1/28 mp.
You barely miss the vault warden. You block the vault warden's attack.
You mangle the vault warden!!
The vault warden is moderately wounded.
Your surroundings suddenly seem different.
Something unseen opens the door.
You regained 2 hp, and now have 49/239 hp.
The vault warden shouts!
The ironbrand convoker shouts!
The centaur warrior shouts!
The ironbrand convoker gestures at the vault warden while chanting.
The vault warden seems to grow stronger.
That door is sealed shut!
Evoke which item? (* to show all) (? for menu, Esc to quit)
Okay, then.
You gain the combat prowess of a mighty hero.
You regained 2 hp, and now have 53/239 hp.
You now have 1/28 mp.
Evoke which item? (* to show all) (? for menu, Esc to quit)
Aiming: Iceblast
Press: ? - help, Shift-Dir - straight line The mass of ice explodes!
The iceblast engulfs the vault warden.
The vault warden is moderately wounded.
Evoke which item? (* to show all) (? for menu, Esc to quit)
Aiming: Iceblast
Press: ? - help, Shift-Dir - straight line The mass of ice explodes!
The iceblast engulfs the vault warden.
The vault warden is heavily wounded.
The iceblast engulfs the yaktaur.
The yaktaur is lightly wounded.
The yaktaur wields an arbalest.
The yaktaur shoots a bolt.
The bolt hits you but does no damage.
You feel agile all of a sudden. The vault warden closely misses you.
The ironbrand convoker casts a spell at something.
You regained 2 hp, and now have 57/239 hp.
Unknown command.
Evoke which item? (* to show all) (? for menu, Esc to quit)
Aiming: Corrosive Bolt
Press: ? - help, Shift-Dir - straight line The bolt of acid hits the vault warden.
The vault warden is splashed with acid.
The acid corrodes the vault warden!
The vault warden is heavily wounded.
The bolt of acid hits the centaur warrior.
The centaur warrior is splashed with acid.
The centaur warrior is heavily wounded.
The runic seals fade away.
The centaur warrior wields a shortbow.
The centaur warrior shoots an arrow.
You reflect the arrow off your +0 shield of reflection!
The arrow closely misses the centaur warrior.
The vault warden hits you from afar with a bardiche!!!
* * * LOW HITPOINT WARNING * * *
You hear a shout!
You take 43 damage, and have 14/239 hp.
You now have 1/28 mp.
You feel better.
The centaur warrior shoots an arrow.
The arrow hits you but does no damage.
The ironbrand convoker gestures at the centaur warrior while chanting.
The centaur warrior seems to grow stronger.
The vault warden hits you from afar with a bardiche!!!
You die... ∆███████ █....███....█ ....█ █....█ █....█ ....█ █....███....█ ....█ ████.[...█∆██ ....█ █..██(..██..█ ....█ █...∆...█...█ ....█ █...█...█...█ █████▲▲ ....█ ██████▲██████ █..█... █████

█...8..████████..█...
█..cc..█......█..█...
█...p..█......█..█...
█......█......█..██▲▲
█...p..▲......█.pWpc)
█......█.[....∆......
██████g██.....p███████
█..)...█████∆█▲██
█.████.c........█


You could see a vault warden, a centaur warrior, an ironbrand convoker, a
yaktaur and a boggart.

Vanquished Creatures
  Nikola (Vaults:1)
  A lich (Vaults:1)
  A sphinx (Vaults:1)
  A tentacled starspawn (Abyss:1)
  2 thorn hunters
  2 deep elf sorcerers (Vaults:2)
  A frost giant (IceCv)
  3 vault wardens
  3 ghost moths (Spider:4)
  10 emperor scorpions
  A curse skull (Vaults:2)
  A very ugly thing (Abyss:1)
  6 ironheart preservers
  A stone giant (Vaults:2)
  2 entropy weavers
  A deep elf annihilator (Vaults:2)
  A minotaur (Lab)
  A spark wasp (Spider:4)
  A green death (Abyss:1)
  2 great orbs of eyes
  4 fire dragons
  3 yaktaur captains (Vaults:1)
  The ghost of Totori the Slicer, a journeyman KoAr of Trog (D:10)
  6 vault guards (Vaults:2)
  Harold (Lair:3)
  Fannar (Lair:2)
  Erica (Lair:2)
  An ice dragon (D:15)
  23 hydras
  A centaur warrior (D:14)
  24 two-headed ogres
  8 alligators
  2 death knights
  2 deep troll shamans
  A queen ant (Lair:2)
  3 tengu warriors
  5 orc high priests
  A vampire mage (Vaults:2)
  2 death yaks (IceCv)
  A deep troll earth mage (Vaults:2)
  A thrashing horror (Abyss:1)
  6 ogre magi
  A deep elf knight (Vaults:1)
  A sun demon (Abyss:1)
  2 soul eaters (Orc:2)
  Sonja (Orc:2)
  A sixfirhy (Orc:2)
  An iron troll (D:12)
  3 unseen horrors
  2 torturous demonspawn (Orc:2)
  2 deep elf archers
  24 starcursed masses
  A wizard (Vaults:1)
  A glowing orange brain (Abyss:1)
  A gelid demonspawn (Orc:2)
  3 swamp dragons
  10 deep trolls
  A harpy (Vaults:1)
  12 orc knights
  7 ironbrand convokers
  A necromancer (D:13)
  A shadow demon (Abyss:1)
  Pikel (D:4)
  A harpy (shapeshifter) (D:14)
  11 orc sorcerers
  A lindwurm (Swamp:4)
  7 deep elf magi
  6 cyclopes
  17 orb spiders
  30 wolf spiders
  2 manticores
  28 ugly things
  A manticore (shapeshifter) (Vaults:2)
  4 black mambas
  2 moths of wrath
  10 elephants (Lair:3)
  A rust devil (Orc:2)
  4 vault sentinels
  2 smoke demons (Abyss:1)
  27 spiny frogs
  A guardian serpent (shapeshifter) (Abyss:1)
  Maurice (Orc:2)
  6 centaur skeletons
  3 gargoyles
  5 torpor snails
  An ice statue (IceCv)
  2 rime drakes (Lair:2)
  A kobold demonologist (D:13)
  15 yaktaurs
  3 efreet
  3 freezing wraiths
  2 komodo dragons
  An ice devil (Orc:2)
  16 demonic crawlers
  A komodo dragon (shapeshifter) (Vaults:1)
  2 tengu conjurers (D:10)
  An ancient zyme (Abyss:1)
  A red devil (Orc:2)
  24 jumping spiders
  A meliai (shapeshifter) (D:14)
  21 polar bears
  A queen bee (shapeshifter) (Vaults:1)
  15 trolls
  23 tyrant leeches
  A wind drake (shapeshifter) (D:14)
  A meliai (D:14)
  19 hornets
  Prince Ribbit (D:6)
  2 bog bodies (Swamp:1)
  A hornet (shapeshifter) (D:13)
  27 blink frogs
  23 slime creatures
  9 hippogriffs
  A centaur simulacrum (D:14)
  4 shadows
  A vampire (D:15)
  88 redbacks
  A spriggan (shapeshifter) (Vaults:1)
  7 spriggans
  32 tarantellas
  43 yaks
  A human (D:8)
  3 wraiths
  A basilisk (Lair:3)
  4 hogs (D:8)
  3 hungry ghosts
  A golden eye (Abyss:1)
  2 large abominations (Abyss:1)
  3 wyverns
  A golden eye (shapeshifter) (D:14)
  Menkaure (D:5)
  23 vampire mosquitoes
  19 swamp worms
  A warg (Orc:2)
  Edmund (D:4)
  10 insubstantial wisps
  15 soldier ants (Lair:2)
  3 acid dragons
  15 water moccasins
  A porcupine (Lair:4)
  A hornet zombie (D:12)
  51 orc warriors
  3 phantoms
  10 swamp drakes
  2 black bears
  4 sky beasts
  2 slaves (D:4)
  5 boggarts (Vaults:1)
  5 ice beasts
  23 ogres
  5 necrophages (D:6)
  20 wolves
  12 centaurs
  7 crocodiles
  The ghost of Goblin1989 the Firebug, an amateur OpFE (D:4)
  32 bullfrogs
  4 big kobolds
  An elf simulacrum (Vaults:1)
  11 small abominations (Abyss:1)
  A water moccasin skeleton (D:6)
  A wyvern skeleton (D:11)
  3 scorpions
  4 killer bees (D:10)
  A howler monkey (D:6)
  8 electric eels
  5 wights (D:11)
  8 crimson imps
  7 jellies
  A centaur zombie (D:6)
  8 hounds
  2 quasits
  30 orc priests
  3 bullfrog skeletons
  Crazy Yiuf (D:2)
  Jessica (D:2)
  5 iguanas
  25 orc wizards
  40 worker ants
  A killer bee zombie (D:7)
  A hound skeleton (D:8)
  A worker ant zombie (D:11)
  11 gnolls
  7 adders
  2 shadow imps
  A white imp (Abyss:1)
  An ooze (D:3)
  An adder skeleton (D:4)
  A worm (D:6)
  A dart slug (D:2)
  2 leopard geckos
  99 orcs
  3 bats
  4 giant cockroaches
  8 goblins
  7 hobgoblins
  12 jackals
  15 kobolds
  4 quokkas
  A ball python (D:2)
  2 frilled lizards
  2 giant cockroach zombies
  A jackal skeleton (D:4)
  A leopard gecko zombie (D:6)
  2 quokka skeletons
  6 rats
  A briar patch (Swamp:2)
  A starspawn tentacle (Abyss:1)
1442 creatures vanquished.

Vanquished Creatures (collateral kills)
  An orc knight (Vaults:2)
  A swamp worm (Swamp:1)
  An orc warrior (Vaults:2)
  An ogre (Vaults:2)
  An orc (Vaults:2)
5 creatures vanquished.

Vanquished Creatures (others)
  Jorgrun (Swamp:3)
  A wizard (Vaults:1)
  A lindwurm (Swamp:4)
  2 harpies (Vaults:1)
  A blink frog (Swamp:4)
  An ogre (Vaults:1)
  A centaur (D:13)
  An orc priest (Orc:2)
  2 orcs (D:13)
  A briar patch (Swamp:2)
  2 bushes (D:6)
  18 fungi
  70 plants
  2 starspawn tentacles (Abyss:1)
104 creatures vanquished.

Grand Total: 1551 creatures vanquished

Notes
Turn   | Place    | Note
-------+----------+-------------------------------------------
     0 | D:1      | Goblin1989 the Troll Hunter began the quest for the Orb.
     0 | D:1      | Reached XP level 1. HP: 19/19 MP: 0/0
    74 | D:1      | Reached skill level 1 in Unarmed Combat
   150 | D:1      | Reached XP level 2. HP: 26/27 MP: 1/1
   314 | D:1      | Reached skill level 2 in Unarmed Combat
   699 | D:2      | Noticed Jessica
   722 | D:2      | Killed Jessica
   722 | D:2      | Reached skill level 3 in Unarmed Combat
   722 | D:2      | Reached XP level 3. HP: 28/33 MP: 2/2
  1079 | D:2      | Found a runed door.
  1368 | D:2      | Noticed Crazy Yiuf
  1373 | D:2      | Killed Crazy Yiuf
  1373 | D:2      | Reached skill level 4 in Unarmed Combat
  1373 | D:2      | Reached XP level 4. HP: 22/41 MP: 3/3
  1535 | D:3      | Found a faded altar of an unknown god.
  1551 | D:3      | HP: 2/41 [something/magic dart (7)]
  1565 | D:3      | HP: 3/61 [something/puff of flame (4)]
  1568 | D:3      | Reached XP level 5. HP: 12/48 MP: 4/4
  1680 | D:3      | Reached skill level 5 in Unarmed Combat
  2226 | D:4      | Noticed Goblin1989's ghost (amateur OpFE)
  2279 | D:4      | Noticed Edmund
  2279 | D:4      | Noticed Pikel
  2279 | D:4      | Noticed a slave
  2279 | D:4      | Noticed a slave
  2279 | D:4      | Noticed a slave
  2279 | D:4      | Noticed a slave
  2316 | D:4      | Found a sacrificial altar of Ru.
  2329 | D:4      | Killed Goblin1989's ghost
  2329 | D:4      | Reached XP level 6. HP: 28/57 MP: 5/5
  2353 | D:4      | Found a staircase to the Ecumenical Temple.
  2364 | Temple   | Entered the Ecumenical Temple
  2515 | Temple   | Became a worshipper of Warmaster Okawaru
  2538 | D:4      | Reached skill level 1 in Shields
  2620 | D:4      | Killed Edmund
  2620 | D:4      | Reached skill level 6 in Unarmed Combat
  2620 | D:4      | Reached XP level 7. HP: 52/66 MP: 6/6
  2658 | D:4      | Found a hazy altar of Hepliaklqana.
  2677 | D:4      | Reached * piety under Okawaru
  2768 | D:4      | Killed Pikel
  2768 | D:4      | Reached skill level 7 in Unarmed Combat
  2768 | D:4      | Reached skill level 1 in Invocations
  2768 | D:4      | Reached XP level 8. HP: 51/75 MP: 6/8
  3134 | D:5      | Entered Level 5 of the Dungeon
  3239 | D:5      | Noticed Menkaure
  3248 | D:5      | Killed Menkaure
  3248 | D:5      | Reached ** piety under Okawaru
  3377 | D:5      | Found a basalt altar of Yredelemnul.
  3636 | D:5      | Got a brightly glowing whip
  4110 | D:6      | Reached skill level 8 in Unarmed Combat
  4160 | D:6      | Found a blossoming altar of Fedhas.
  4327 | D:6      | Noticed Prince Ribbit
  4353 | D:6      | Killed Prince Ribbit
  4442 | D:6      | Reached XP level 9. HP: 80/84 MP: 10/10
  4459 | D:6      | Found a bloodstained altar of Trog.
  5016 | D:6      | Reached *** piety under Okawaru
  5045 | D:6      | Identified the +7 whip "Qodwoe" {protect, Dex+6 SInv} (You found it on level 5 of the Dungeon)
  5158 | D:7      | Reached skill level 9 in Unarmed Combat
  5908 | D:7      | Found a glowing silver altar of Zin.
  6091 | D:8      | Received a gift from Okawaru
  6185 | D:8      | Found Itwor's Changing Room.
  6195 | D:8      | Found Mupeapna's Armour Shoppe.
  6275 | D:8      | Found a glowing golden altar of the Shining One.
  6335 | D:8      | Reached XP level 10. HP: 94/94 MP: 12/12
  6396 | D:8      | Reached **** piety under Okawaru
  6477 | D:8      | Reached skill level 5 in Fighting
  6477 | D:8      | Reached skill level 5 in Dodging
  6548 | D:8      | You fall through a shaft!
  6622 | D:9      | Reached skill level 10 in Unarmed Combat
  7298 | D:9      | Found a shadowy altar of Dithmenos.
  7741 | D:10     | Entered Level 10 of the Dungeon
  7749 | D:10     | Got a warped robe
  7753 | D:10     | Noticed an unseen horror
  7759 | D:10     | Killed an unseen horror
  7759 | D:10     | Reached ***** piety under Okawaru
  7759 | D:10     | Received a gift from Okawaru
  7759 | D:10     | Reached skill level 5 in Shields
  7759 | D:10     | Reached skill level 5 in Invocations
  7863 | D:10     | Noticed Totori's ghost (journeyman KoAr)
  7898 | D:9      | Identified the +1 robe of Articulation {rN++ Stlth+} (You found it on level 10 of the Dungeon)
  8015 | D:10     | Got a transparent garnet amulet
  8017 | D:10     | Identified the amulet "Ziam" {Spirit *Drain rElec Str+2 Int+3} (You found it on level 10 of the Dungeon)
  8055 | D:10     | Noticed a two-headed ogre
  8066 | D:10     | Noticed a gargoyle
  8070 | D:10     | Noticed a two-headed ogre
  8135 | D:10     | Killed a two-headed ogre
  8209 | D:10     | Killed a two-headed ogre
  8209 | D:10     | Reached XP level 11. HP: 58/105 MP: 6/14
  8233 | D:10     | Reached skill level 11 in Unarmed Combat
  8473 | D:10     | Killed Totori's ghost
  8473 | D:10     | Received a gift from Okawaru
  8590 | D:10     | Found a staircase to the Orcish Mines.
  8682 | D:10     | Noticed a two-headed ogre
  8699 | D:10     | Killed a two-headed ogre
  8833 | D:10     | Killed an unseen horror
  8847 | D:10     | Found a staircase to the Lair.
  9031 | D:11     | Noticed a deep elf mage
  9058 | D:11     | Killed a deep elf mage
  9195 | D:11     | Received a gift from Okawaru
  9227 | D:11     | Found a labyrinth entrance.
  9254 | Lab      | Entered a labyrinth
  9540 | Lab      | Noticed a minotaur
  9552 | Lab      | Killed a minotaur
  9552 | Lab      | Reached ****** piety under Okawaru
  9552 | Lab      | Received a gift from Okawaru
  9552 | Lab      | Reached skill level 12 in Unarmed Combat
  9554 | Lab      | Got a pitted turquoise ring
  9581 | Lab      | Identified the ring "Qoepsef" {Int+3 SInv} (You took it off a minotaur in a labyrinth)
  9741 | D:11     | Noticed a four-headed hydra
  9745 | D:11     | Killed a four-headed hydra
  9827 | D:11     | Reached XP level 12. HP: 66/115 MP: 9/15
 10230 | D:11     | Found a white marble altar of Elyvilon.
 10356 | D:11     | Noticed a tengu warrior
 10362 | D:11     | Noticed a tengu warrior
 10374 | D:11     | Killed a tengu warrior
 10374 | D:11     | Received a gift from Okawaru
 10383 | D:11     | Killed a tengu warrior
 10386 | D:11     | Got a brightly glowing animal skin {god gift}
 10528 | D:10     | Identified the +1 animal skin "Husuepn" {god gift, *Contam +Blink Str+4 Stlth-} (Okawaru gifted it to you on level 11 of the Dungeon)
 10591 | D:8      | Bought the Volume of Shape Shifting for 724 gold pieces
 10598 | D:8      | Learned a level 6 spell: Statue Form
 10657 | Lair:1   | Entered Level 1 of the Lair of Beasts
 11309 | Lair:2   | Reached skill level 1 in Earth Magic
 11318 | Lair:2   | Reached skill level 1 in Transmutations
 11561 | Lair:2   | Found a frozen archway.
 11570 | IceCv    | Entered an ice cave
 11665 | IceCv    | Reached skill level 1 in Spellcasting
 11807 | IceCv    | Reached skill level 13 in Unarmed Combat
 11832 | IceCv    | Got a transparent whip
 11932 | IceCv    | Received a gift from Okawaru
 11941 | IceCv    | Identified the +8 whip of Dakhlapu {protect, Dex+7} (You found it in an ice cave)
 12276 | IceCv    | Noticed a death yak
 12281 | IceCv    | Killed a death yak
 12287 | IceCv    | Reached XP level 13. HP: 99/124 MP: 5/16
 12426 | IceCv    | Noticed a frost giant
 12460 | IceCv    | Killed a frost giant
 12542 | IceCv    | Found the cursed necklace of Bloodlust {*Rage +Rage MR++ Int-3 Slay+6 *Curse}
 12556 | IceCv    | Identified the Disquisition on the Snowflakes
 12707 | Lair:2   | Noticed Erica
 12728 | Lair:2   | Killed Erica
 13054 | Lair:2   | Reached skill level 5 in Earth Magic
 13270 | Lair:2   | Found a hole to the Spider Nest.
 13604 | Lair:2   | Noticed Fannar
 13618 | Lair:2   | Killed Fannar
 13928 | Lair:3   | Got a shimmering hand crossbow
 13929 | Lair:3   | Identified the cursed +1 hand crossbow of Isaiskat {speed, +Fly MR+} (You found it on level 3 of the Lair of Beasts)
 14356 | Lair:3   | Received a gift from Okawaru
 14364 | Lair:3   | p0werm0de: https://www.youtube.com/watch?v=RIwmTESE_T8
 14458 | Lair:3   | p0werm0de: y0 ;)
 14458 | Lair:3   | p0werm0de: chekk my vid !
 14458 | Lair:3   | Goblin1989: hi
 14458 | Lair:3   | p0werm0de: xom-makhleb DDFI speedrun !
 14458 | Lair:3   | Goblin1989: wow
 14458 | Lair:3   | Goblin1989: nice
 14458 | Lair:3   | Noticed Harold
 14466 | Lair:3   | Killed Harold
 14507 | Lair:3   | Received a gift from Okawaru
 14696 | Lair:3   | Goblin1989: eee
 14696 | Lair:3   | Goblin1989: 10 large rocks
 14734 | Lair:3   | Reached XP level 14. HP: 136/136 MP: 17/17
 15182 | Lair:3   | Found a staircase to the Swamp.
 15716 | Lair:4   | Reached skill level 14 in Unarmed Combat
 15904 | Lair:4   | Reached skill level 5 in Transmutations
 16225 | Lair:4   | You fall through a shaft!
 16506 | Lair:5   | Received a gift from Okawaru
 17773 | Lair:6   | Entered Level 6 of the Lair of Beasts
 18010 | Lair:6   | Received a gift from Okawaru
 18275 | Lair:6   | Received a gift from Okawaru
 18371 | Lair:6   | Found a staircase to the Slime Pits.
 18810 | Lair:6   | Got a crystal mace
 18895 | Lair:6   | Received a gift from Okawaru
 19445 | Lair:6   | Identified the cursed +0 mace of the Scavenger {drain, +Inv rF+ Dex+5} (You found it on level 6 of the Lair of Beasts)
 19882 | Orc:1    | Entered Level 1 of the Orcish Mines
 20079 | Orc:2    | Entered Level 2 of the Orcish Mines
 20109 | Orc:2    | Noticed Sonja
 20113 | Orc:2    | Noticed Maurice
 20118 | Orc:1    | Found Imocleeg's General Store.
 20400 | Orc:1    | Found Boezoum's General Store.
 20487 | Orc:2    | Killed Maurice
 20487 | Orc:2    | Reached XP level 15. HP: 115/145 MP: 12/19
 20541 | Orc:2    | Paralysed by an orc sorcerer for 5 turns
 21104 | D:11     | Learned a level 2 spell: Song of Slaying
 21108 | D:11     | Learned a level 3 spell: Regeneration
 21403 | D:12     | Found Oxisebog's Antique Armour Emporium.
 21424 | D:12     | Found Onkung's Distillery.
 21428 | D:12     | Found Olif's Weapon Shop.
 21546 | D:12     | Received a gift from Okawaru
 21797 | D:12     | Found Veixavay's Jewellery Boutique.
 21800 | D:12     | Bought an uncursed ring of wizardry for 420 gold pieces
 22487 | D:13     | Found a bloodstained altar of Trog.
 22818 | D:13     | Found a gate to the Vaults.
 23106 | Orc:2    | Found a staircase to the Elven Halls.
 23168 | Orc:2    | Killed Sonja
 23168 | Orc:2    | Reached skill level 15 in Unarmed Combat
 23401 | Orc:2    | Found Honau's General Store.
 23419 | Orc:2    | Found Deivugh's Magic Scroll Shoppe.
 23805 | Orc:2    | Bought a scroll of fear for 38 gold pieces
 24564 | Orc:2    | Paralysed by an orc sorcerer for 2 turns
 25019 | Orc:2    | Found Ateluts's Antique Armour Boutique.
 25019 | Orc:2    | Found a one-way gate leading to the halls of Pandemonium.
 25019 | Orc:2    | Found Camiloq's Book Shop.
 25029 | Orc:2    | Bought the +0 mask of the Dragon {MR+ Slay+3 SInv} for 935 gold pieces
 25029 | Orc:2    | Found the +0 mask of the Dragon {MR+ Slay+3 SInv}
 25173 | Orc:2    | Cast into level 1 of the Abyss (orc)
 25301 | Abyss:1  | Noticed a tentacled starspawn
 25314 | Abyss:1  | Killed a tentacled starspawn
 25314 | Abyss:1  | Received a gift from Okawaru
 25635 | Abyss:1  | Reached XP level 16. HP: 133/156 MP: 10/21
 25762 | Abyss:1  | Received a gift from Okawaru
 25919 | Orc:2    | Escaped the Abyss
 26165 | D:14     | Received a gift from Okawaru
 26346 | D:14     | Learned a level 2 spell: Sticks to Snakes
 26937 | D:14     | Found an ancient bone altar of Kikubaaqudgha.
 27579 | D:15     | Entered Level 15 of the Dungeon
 27663 | D:15     | Found an opulent altar of Gozag.
 27794 | D:15     | Received a gift from Okawaru
 28975 | D:15     | Reached skill level 10 in Earth Magic
 29124 | D:15     | Found a staircase to the Depths.
 29495 | Spider:1 | Entered Level 1 of the Spider Nest
 29669 | Spider:1 | You fall through a shaft!
 29716 | Spider:2 | Reached skill level 16 in Unarmed Combat
 29786 | Spider:2 | Reached skill level 5 in Spellcasting
 30068 | Spider:1 | Identified Rekevet's Compendium of Unholy Secrets and Clay
 30123 | Spider:1 | Reached XP level 17. HP: 165/165 MP: 9/23
 30354 | Spider:1 | Got a bloodstained robe
 30355 | Spider:1 | Identified the +1 robe of Ywygafio {-Cast rN+ Int+5 Slay-4} (You found it on level 1 of the Spider Nest)
 30356 | Spider:1 | Goblin1989: the +1 robe of Ywygafio {-Cast rN+ Int+5 Slay-4}.
 30356 | Spider:1 | Goblin1989: Int+5
 30356 | Spider:1 | Goblin1989: -Cast
 30356 | Spider:1 | Goblin1989: lol
 31373 | Spider:1 | Gained mutation: You are clumsy. (Dex -2) [mutagenic glow]
 31520 | Spider:2 | Got a steaming trident
 32927 | Spider:3 | Received a gift from Okawaru
 33656 | Spider:4 | Entered Level 4 of the Spider Nest
 34379 | Spider:4 | Reached skill level 10 in Dodging
 34379 | Spider:4 | Reached skill level 10 in Transmutations
 34582 | Spider:4 | Reached skill level 10 in Fighting
 34774 | Spider:4 | Received a gift from Okawaru
 34847 | Spider:4 | Got a gossamer rune of Zot
 35167 | Vaults:1 | Entered Level 1 of the Vaults
 35215 | Vaults:1 | Reached XP level 18. HP: 126/174 MP: 16/25
 35297 | Vaults:1 | Reached skill level 5 in Throwing
 35308 | Vaults:1 | Received a gift from Okawaru
 35541 | Vaults:1 | Learned a level 1 spell: Apportation
 35605 | Vaults:1 | Received a gift from Okawaru
 35625 | Vaults:1 | Noticed Nikola
 36059 | Vaults:1 | Killed Nikola
 36059 | Vaults:1 | Received a gift from Okawaru
 36059 | Vaults:1 | Reached skill level 1 in Translocations
 36361 | Vaults:1 | Noticed a lich
 36368 | Vaults:1 | Killed a lich
 36833 | Vaults:2 | Received a gift from Okawaru
 36947 | Vaults:2 | Received a gift from Okawaru
 37233 | Vaults:2 | Reached skill level 17 in Unarmed Combat
 37307 | Vaults:2 | Found a staircase to the Crypt.
 37475 | Vaults:2 | Received a gift from Okawaru
 37477 | Vaults:2 | Reached XP level 19. HP: 184/184 MP: 18/27
 37914 | Swamp:1  | Entered Level 1 of the Swamp
 37992 | Swamp:1  | Received a gift from Okawaru
 39111 | Swamp:2  | Goblin1989: !gkills goblin1989
 39111 | Swamp:2  | beem: 72 kills by goblin1989's ghost: 13x Goblin1989, 3x jazmu, 3x emiel, 2x dscm, 2x Glorfindel, 2x magog001, 2x asdu, 2x firemonkey, gorpus, Amnesiac, Totori, LaGlobule, 1994, Nico3ck, retryentry, s9io, kae, Ajdolov, PeterLawrence, Dustman, SolarFlare, Stoats, daftwullie, simples, emikaela, Paps, cireshan, alkexr, Lunath, angZt, anp, Tobisume, Cokeysmoke, Galewind, DEFE, bollicks1999, Eleanoora, Expo...
 40281 | Swamp:3  | Noticed Jorgrun
 40292 | Swamp:3  | Killed Jorgrun
 40766 | Swamp:4  | Entered Level 4 of the Swamp
 40971 | Swamp:4  | Received a gift from Okawaru
 41150 | Swamp:4  | Got a decaying rune of Zot
 41938 | Vaults:2 | Annihilated by a vault warden

Vault maps used:
D:1:      nicolae_arrival_memento_mori, serial_forest,
          infiniplex_forest_straight_2, infiniplex_forest_clump_small,
          infiniplex_forest_zigzag_2, infiniplex_forest_zigzag_2,
          infiniplex_forest_straight_3, infiniplex_forest_lined_1,
          infiniplex_forest_side_room, infiniplex_forest_lined_room_,
          infiniplex_forest_straight_5
D:2:      uniq_crazy_yiuf_cottage, uniq_jessica
D:3:      chequers_ecumenical_altar_simple
D:4:      nicolae_overflow_crystal_walls, lemuel_round_altar,
          minmay_temple_entry_large_hall, first_ration, uniq_edmund, uniq_pikel
D:5:      yredelemnul_altar_generic, minivault_1, kennysheep_generic_room_12,
          uniq_menkaure
D:6:      trog_ov_bears_minmay, fedhas_altar_decomposition, uniq_prince_ribbit1
D:7:      zin_scriptorium
D:8:      tso_altar, serial_shops, shop, grunt_livestock,
          nicolae_transmutations_shop
D:9:      nicolae_overflow_hidden_temple, minmay_item_behind_shaft,
          hangedman_decor_opposing, kennysheep_opposing_triangles
D:10:     lair_entry_dummy, orc_0_dummy
D:11:     cheibrodos_elevator_heist, basic_altar, lab_entry_generic
D:12:     lemuel_troll_bridge, serial_shops, shop, kennysheep_mini_moat, shop,
          shop
D:13:     david_vaults_1, basic_altar
D:14:     hangedman_cross_cluster, serial_park_tiny_2, kennysheep_small_circle
D:15:     grunt_enter_depths_hoard,
          nicolae_gozag_cash_rules_everything_around_me
Temple:   eino_narrow_crystal_temple
Lair:2:   dummy_spider_entry, portal_ice_cave_rime, zaba_anthell,
          infiniplex_staircase_pool, uniq_fannar, uniq_erica
Lair:3:   minmay_swamp_entry_swarm, mumra_transporter_accident, uniq_harold
Lair:5:   worms_lemuel
Lair:6:   minmay_lair_end_frog_pond, minmay_slime_entry_oklob_open,
          serial_bayou_shore_a
Swamp:1:  hangedman_swamp_ruin_hall
Swamp:2:  evilmike_swamp_ruin_house_5
Swamp:3:  evilmike_swamp_ruin_house_2, uniq_jorgrun
Swamp:4:  swamp_alternative
Spider:1: spider_trap
Spider:2: nicolae_spider_webbed_stairs
Spider:3: spider_trap
Spider:4: guppyfry_spider_rune
Orc:1:    serial_shops, nicolae_shop_stone, shop
Orc:2:    pf_orc_diabolical, nicolae_orc_flooded_monolith, uniq_maurice,
          uniq_sonja
Vaults:1: grunt_vaults_hallway_long, nicolae_vaults_little_squares_3,
          vaults_mumra_minichess_inversion, vaults_room_fours,
          ontoclasm_vaults_pinch, ontoclasm_vaults_ring_small,
          vaults_room_pools, st_cells, nicolae_vaults_circle_grid_a,
          grunt_vaults_hallway_short, ontoclasm_vaults_hangar, uniq_nikola
Vaults:2: v_misc_26, vaults_dpeg_encased_lava, ontoclasm_vaults_fire_temple,
          grunt_vaults_trifunnel, hangedman_vaults_snaps,
          minmay_crypt_entry_simple_box, vaults_room_door_hall, v_misc_19,
          v_misc_22, v_misc_15, v_pattern_4, uniq_donald
Lab:      labyrinth_spiral, labyrinth_lava_lair, nicolae_lab_swirl,
          nicolae_lab_big_swirl, lab_fountain, nicolae_lab_very_dead_end
IceCv:    ice_cave_caverns_02

Skill      XL: |  1  2  3  4  5  6  7  8  9 10 11 12 13 14 15 16 17 18 19 |
---------------+----------------------------------------------------------+-----
Unarmed Combat | 1 3 4 5 6 7 8 9 10 12 13 14 15 16 17 | 17.5
Fighting       | 2 3 4 5 6 7 8 9 10 | 10.7
Dodging        | 2 3 4 5 6 7 8 9 10 | 10.8
Shields        | 1 2 3 4 5 6 7 8 9 |  9.0
Invocations    | 1 2 4 5 6 |  6.0
Earth Magic    | 3 5 7 9 10 11 12 13 | 13.3
Transmutations | 2 4 6 7 8 10 11 | 11.3
Spellcasting   | 1 2 3 4 5 6 |  6.7
Throwing       | 4 5 6 |  6.6
Translocations | 2 3 |  3.2
Stealth        | |  0.3

Action                   |  1- 3 |  4- 6 |  7- 9 | 10-12 | 13-15 | 16-18 | 19-21 || total
-------------------------+-------+-------+-------+-------+-------+-------+-------++-------
Melee: Unarmed           |    66 |   112 |   338 |   660 |  1586 |  1200 |   320 ||  4282
       Whip              |       |       |       |     1 |    80 |       |       ||    81
       Scimitar          |       |       |       |       |       |    13 |       ||    13
Throw: Large rock        |       |     2 |     4 |    12 |    43 |    67 |    44 ||   172
       Javelin           |       |       |       |       |     2 |     1 |       ||     3
 Cast: Statue Form       |       |       |       |       |     1 |    53 |    27 ||    81
       Sticks to Snakes  |       |       |       |       |       |     5 |     4 ||     9
       Song of Slaying   |       |       |       |       |       |     2 |       ||     2
       Apportation       |       |       |       |       |       |     5 |    24 ||    29
       Regeneration      |       |       |       |       |       |     5 |     2 ||     7
Invok: Heroism           |       |       |     4 |    13 |    45 |    23 |     9 ||    94
       Finesse           |       |       |       |     3 |    13 |     2 |     1 ||    19
 Abil: Evoke Blink       |       |       |       |       |       |     1 |       ||     1
Evoke: Wand              |       |       |       |       |    17 |    25 |     3 ||    45
  Use: Potion            |       |     3 |     1 |     3 |     3 |    12 |     5 ||    27
       Scroll            |       |       |     9 |    13 |    13 |    11 |     6 ||    52
 Stab: Sleeping          |     2 |       |     1 |       |       |       |       ||     3
       Distracted        |       |       |     1 |       |       |       |       ||     1
       Invisible         |       |       |       |     3 |       |       |       ||     3
       Confused          |       |       |       |     1 |       |       |       ||     1
  Eat: Chunk             |    18 |    11 |    35 |    61 |   123 |   119 |    41 ||   408
       Ration            |       |       |       |       |       |     9 |     4 ||    13
Armor: Robe              |    32 |    21 |    85 |    82 |       |    72 |     7 ||   299
       Skin              |       |     5 |     2 |    25 |     3 |   475 |   359 ||   869
       Animal skin       |       |       |       |    79 |   321 |    97 |       ||   497
Dodge: Dodged            |    47 |    38 |   101 |   199 |   580 |   843 |   415 ||  2223
Block: Shield            |       |    19 |   139 |   329 |   848 |   896 |   368 ||  2599
       Reflection        |       |       |       |       |    11 |    20 |    10 ||    41

Table legend:
 A = Spawn XP
 B = Non-spawn XP
 C = Spawn XP percentage of total XP
 D = Spawn monster count
 E = Non-spawn monster count
 F = Spawn count percentage of total count
 G = Total turns spent on level
                    A         B        C        D         E        F      G
               +---------+---------+-------+---------+---------+-------+---------
         Total |    6238 |  438874 |   1.4 |      18 |    1429 |   1.2 | 41938
               +---------+---------+-------+---------+---------+-------+---------
           D:1 |       0 |      24 |   0.0 |       0 |      14 |   0.0 |   687
           D:2 |       0 |     111 |   0.0 |       0 |      15 |   0.0 |   761
           D:3 |       0 |     235 |   0.0 |       0 |      26 |   0.0 |   863
           D:4 |       0 |    1284 |   0.0 |       0 |      21 |   0.0 |   656
           D:5 |       0 |     552 |   0.0 |       0 |      21 |   0.0 |   944
           D:6 |       0 |    1713 |   0.0 |       0 |      22 |   0.0 |  1072
           D:7 |       0 |    1004 |   0.0 |       0 |      22 |   0.0 |   889
           D:8 |       0 |    1785 |   0.0 |       0 |      25 |   0.0 |   679
           D:9 |       0 |    1552 |   0.0 |       0 |      23 |   0.0 |  1327
          D:10 |       0 |    8346 |   0.0 |       0 |      40 |   0.0 |  1559
          D:11 |       0 |    8525 |   0.0 |       0 |      48 |   0.0 |  1518
          D:12 |       0 |    7498 |   0.0 |       0 |      31 |   0.0 |   889
          D:13 |       0 |    9396 |   0.0 |       0 |      49 |   0.0 |  1139
          D:14 |       0 |   17438 |   0.0 |       0 |      50 |   0.0 |  1449
          D:15 |       0 |   14318 |   0.0 |       0 |      38 |   0.0 |  1774
        Lair:1 |       0 |    1297 |   0.0 |       0 |       8 |   0.0 |   776
        Lair:2 |       0 |   14094 |   0.0 |       0 |      80 |   0.0 |  1688
        Lair:3 |       0 |   12093 |   0.0 |       0 |      33 |   0.0 |  1494
        Lair:4 |       0 |    5309 |   0.0 |       0 |      19 |   0.0 |  1046
        Lair:5 |       0 |    6354 |   0.0 |       0 |      22 |   0.0 |  1517
        Lair:6 |       0 |   19979 |   0.0 |       0 |      75 |   0.0 |  1830
       Swamp:1 |       0 |   11513 |   0.0 |       0 |      34 |   0.0 |  1205
       Swamp:2 |       0 |    6904 |   0.0 |       0 |      14 |   0.0 |   750
       Swamp:3 |       0 |   16549 |   0.0 |       0 |      39 |   0.0 |   966
       Swamp:4 |       0 |   13457 |   0.0 |       0 |      28 |   0.0 |   462
      Spider:1 |       0 |   16533 |   0.0 |       0 |      47 |   0.0 |  1319
      Spider:2 |       0 |   22298 |   0.0 |       0 |      61 |   0.0 |  1199
      Spider:3 |       0 |   16287 |   0.0 |       0 |      49 |   0.0 |  1705
      Spider:4 |       0 |   37159 |   0.0 |       0 |      74 |   0.0 |  1290
         Orc:1 |       0 |    6068 |   0.0 |       0 |      44 |   0.0 |   976
         Orc:2 |       0 |   24313 |   0.0 |       0 |     105 |   0.0 |  2127
      Vaults:1 |       0 |   54336 |   0.0 |       0 |      85 |   0.0 |  1921
      Vaults:2 |       0 |   56383 |   0.0 |       0 |      80 |   0.0 |  1143
       Abyss:1 |    6238 |    9470 |  39.7 |      18 |      36 |  33.3 |   746
           Lab |       0 |    1693 |   0.0 |       0 |       3 |   0.0 |   330
         IceCv |       0 |   13004 |   0.0 |       0 |      48 |   0.0 |  1075
               +---------+---------+-------+---------+---------+-------+---------

Vault maps used:
D:1:      nicolae_arrival_memento_mori, serial_forest,
          infiniplex_forest_straight_2, infiniplex_forest_clump_small,
          infiniplex_forest_zigzag_2, infiniplex_forest_zigzag_2,
          infiniplex_forest_straight_3, infiniplex_forest_lined_1,
          infiniplex_forest_side_room, infiniplex_forest_lined_room_,
          infiniplex_forest_straight_5
D:2:      uniq_crazy_yiuf_cottage, uniq_jessica
D:3:      chequers_ecumenical_altar_simple
D:4:      nicolae_overflow_crystal_walls, lemuel_round_altar,
          minmay_temple_entry_large_hall, first_ration, uniq_edmund, uniq_pikel
D:5:      yredelemnul_altar_generic, minivault_1, kennysheep_generic_room_12,
          uniq_menkaure
D:6:      trog_ov_bears_minmay, fedhas_altar_decomposition, uniq_prince_ribbit1
D:7:      zin_scriptorium
D:8:      tso_altar, serial_shops, shop, grunt_livestock,
          nicolae_transmutations_shop
D:9:      nicolae_overflow_hidden_temple, minmay_item_behind_shaft,
          hangedman_decor_opposing, kennysheep_opposing_triangles
D:10:     lair_entry_dummy, orc_0_dummy
D:11:     cheibrodos_elevator_heist, basic_altar, lab_entry_generic
D:12:     lemuel_troll_bridge, serial_shops, shop, kennysheep_mini_moat, shop,
          shop
D:13:     david_vaults_1, basic_altar
D:14:     hangedman_cross_cluster, serial_park_tiny_2, kennysheep_small_circle
D:15:     grunt_enter_depths_hoard,
          nicolae_gozag_cash_rules_everything_around_me
Temple:   eino_narrow_crystal_temple
Lair:2:   dummy_spider_entry, portal_ice_cave_rime, zaba_anthell,
          infiniplex_staircase_pool, uniq_fannar, uniq_erica
Lair:3:   minmay_swamp_entry_swarm, mumra_transporter_accident, uniq_harold
Lair:5:   worms_lemuel
Lair:6:   minmay_lair_end_frog_pond, minmay_slime_entry_oklob_open,
          serial_bayou_shore_a
Swamp:1:  hangedman_swamp_ruin_hall
Swamp:2:  evilmike_swamp_ruin_house_5
Swamp:3:  evilmike_swamp_ruin_house_2, uniq_jorgrun
Swamp:4:  swamp_alternative
Spider:1: spider_trap
Spider:2: nicolae_spider_webbed_stairs
Spider:3: spider_trap
Spider:4: guppyfry_spider_rune
Orc:1:    serial_shops, nicolae_shop_stone, shop
Orc:2:    pf_orc_diabolical, nicolae_orc_flooded_monolith, uniq_maurice,
          uniq_sonja
Vaults:1: grunt_vaults_hallway_long, nicolae_vaults_little_squares_3,
          vaults_mumra_minichess_inversion, vaults_room_fours,
          ontoclasm_vaults_pinch, ontoclasm_vaults_ring_small,
          vaults_room_pools, st_cells, nicolae_vaults_circle_grid_a,
          grunt_vaults_hallway_short, ontoclasm_vaults_hangar, uniq_nikola
Vaults:2: v_misc_26, vaults_dpeg_encased_lava, ontoclasm_vaults_fire_temple,
          grunt_vaults_trifunnel, hangedman_vaults_snaps,
          minmay_crypt_entry_simple_box, vaults_room_door_hall, v_misc_19,
          v_misc_22, v_misc_15, v_pattern_4, uniq_donald
Lab:      labyrinth_spiral, labyrinth_lava_lair, nicolae_lab_swirl,
          nicolae_lab_big_swirl, lab_fountain, nicolae_lab_very_dead_end
IceCv:    ice_cave_caverns_02
